[Event "*** Titled Tuesday Blitz"]
[Site "Chess.com"]
[Date "2021.03.30"]
[Round "9"]
[White "davigator"]
[Black "rugbyclub"]
[Result "0-1"]
[WhiteElo "2404"]
[BlackElo "2275"]
[TimeControl "180+1"]
[EndTime "11:48:24 PDT"]
[Termination "rugbyclub won on time"]

1. e4 c5 2. Nf3 e6 3. d4 cxd4 4. Nxd4 Nf6 5. Nc3 d6 6. Nde2 a6 7. g3 b5 8. a3 Bb7 9. Bg2 Qc7 10. O-O Nbd7 11. h3 Be7 12. Be3 O-O 13. Qd2 Rac8 14. g4 Nb6 15. b3 d5 16. Bxb6 Qxb6 17. exd5 Rfd8 18. Nf4 Qc7 19. Nce2 e5 20. g5 Ne8 21. Nd3 Qxc2 22. Qe3 Qxb3 23. Rfb1 Qc4 24. Nxe5 Qc5 25. Qf3 Bxd5 26. Qf5 Nd6 27. Qf4 Bxg2 28. Kxg2 Qd5+ 29.
f3 Rc2 30. Re1 Bf8 31. Kf1 Rdc8 32. Rad1 Qc4 33. Nd7 Rxe2 34. Qxc4 Rxe1+ 35. Rxe1 Nxc4 36. Nxf8 Kxf8 37. Ra1 Nd2+ 38. Ke2 Nc4 39. a4 Ke7 40. axb5 axb5 41. Ra7+ Ke6 42. f4 Nd6 43. Kd3 Rb8 44. Kc3 b4+ 45. Kb3 Kf5 46. Rd7 Rb6 47. h4 Kxf4 48. Rd8 Kg4 49. Rh8 Kxh4 50. Rxh7+ Kxg5 51. Rxg7+ Kf6 52. Rg4 Ke5 53. Rg5+ f5 54. Rg7 Ke4 55.
Re7+ Kf3 56. Re1 f4 57. Kc2 b3+ 58. Kd3 b2 59. Rf1+ Kg4 60. Rb1 Kf5 61. Ke2 Ne4 62.
Kd3 f3 63. Ke3 f2 64. Ke2 Rb3 65. Kf1 Kf4 66. Rd1 Kg3 67. Ke2 b1=Q 68. Rg1+ Kf4 0-1

[Event "*** Titled Tuesday Blitz"]
[Site "Chess.com"]
[Date "2021.03.30"]
[Round "9"]
[White "karwowskikacper"]
[Black "Sofiia_Hryzlova"]
[Result "1/2-1/2"]
[WhiteElo "2433"]
[BlackElo "2331"]
[TimeControl "180+1"]
[EndTime "11:48:32 PDT"]
[Termination "Game drawn - insufficient material"]

1. e4 e6 2. Qe2 c5 3. g3 Nc6 4. c3 g6 5. Bg2 Bg7 6. f4 Nge7 7. d3 Rb8 8. Be3 d6 9. Nd2 b5 10. Ngf3 b4 11. d4 O-O 12. O-O d5 13. dxc5 bxc3 14. bxc3 Bxc3 15. Rab1 Rxb1 16. Rxb1 Bg7 17.
exd5 Nxd5 18. Ne4 f5 19. Nd6 Nc3 20. Qd3 Nxb1 21. Qxb1 Qa5 22. Ng5 Qc3 23. Bf2 Nd4 24.
Nxc8 Rxc8 25. Qb7 Qxc5 26. Qf7+ Kh8 27. Nxe6 Qc1+ 28. Bf1 Nxe6 29. Qxe6 Rb8 30. Bxa7 Ra8 31. Be3 Qa1 32. Qd5 Re8 33. Bf2 Bf6 34. Kg2 Qb2 35. Bc4 Rb8 36. Qe6 Bd4 37. Qe1 Qxf2+ 38.
Qxf2 Bxf2 39. Kxf2 Kg7 40. a4 Rb4 41. Bb5 Kf6 42.
Kf3 Ke7 43. h3 Kd6 44. g4 Kc5 45. gxf5 gxf5 46. Kg3 Kd4 47. Kh4 Ke4 48. Kg5 Rb3 49. Bc6+ Ke3 50. Kxf5 Rb4 51. Bb5 Rxf4+ 52. Kg5 Kf3 53.
h4 Kg3 54. h5 Rg4+ 55. Kh6 Rh4 56. Kxh7 Rxh5+ 57. Kg6 Rc5 58. Kf6 Rc1 59. Ke5 Kf3 60. Kd4 Kf4 61. Kd5 Ra1 62. Kc4 Ke3 63. Kb4 Ke4 64. a5 Rb1+ 65. Kc5 Ra1 66. a6 Ke5 67. Kb6 Kd6 68. a7 Ra2 69. Ba6 Rb2+ 70. Bb5 Ra2 71.
Kb7 Rxa7+ 72. Kxa7 1/2-1/2

[Event "*** Titled Tuesday Blitz"]
[Site "Chess.com"]
[Date "2021.03.30"]
[Round "9"]
[White "Omk124"]
[Black "KarateBaby"]
[Result "0-1"]
[WhiteElo "2473"]
[BlackElo "2340"]
[TimeControl "180+1"]
[EndTime "11:48:36 PDT"]
[Termination "KarateBaby won on time"]

1. e4 g6 2. d4 Bg7 3. Nf3 d6 4. Bc4 Nf6 5. Nc3 O-O 6. O-O Nxe4 7. Bxf7+ Rxf7 8. Nxe4 d5 9. Neg5 Rf8 10. Ne5 c5 11. Be3 Nc6 12. Nxc6 bxc6 13. c3 cxd4 14. Bxd4 e5 15. Be3 Rb8 16. Qa4 Bd7 17. Qxa7 Rxb2 18. Qa3 Rb8 19. Qd6 Bf5 20. Qxc6 d4 21. cxd4 exd4 22. Rad1 dxe3 23. Rxd8 exf2+ 24. Rxf2 Rbxd8 25. Qc4+ Kh8 26. Rf1 Rd7 27. Kh1 h6 28. Nf3 Kh7 29. Qh4 Ra7 30. a4 Rfa8 31. h3 Rxa4 32. g4 Be4 33.
Kh2 Ra2+ 34. Kg1 Bd4+ 35. Kh1 Bxf3+ 36. Rxf3 Ra1+ 37. Kg2 R8a2+ 38. Kg3 Be5+ 39. Rf4 Bxf4+ 40. Kf3 g5 41. Qh5 Ra3+ 42. Ke4 Re1+ 43. Kd4 Ra4+ 44. Kc3 Re3+ 45. Kb2 Ra7 46. h4 Rh3 47. Qe8 Rb7+ 48.
Ka2 Ra7+ 49. Kb2 Rh2+ 50. Kb3 Rb7+ 51. Kc4 Rc7+ 52. Kd5 Rxh4 53. Qe4+ Kg8 54. Qg6+ Kf8 55. Qf6+ Ke8 56. Qh8+ Kd7 57. Qg7+ Kc8 58. Qf8+ Kb7 59. Qb4+ Ka8 60. Qa5+ Kb8 61. Qb5+ Rb7 62. Qe8+ Ka7 63. Qa4+ Kb8 64. Qe8+ Kc7 65. Qe7+ Kb6 66. Qc5+ Ka6 67. Qa3+ Kb6 68. Qb4+ Kc7 69. Qc5+ Kd8 70. Qf8+ Kd7 71. Qf7+ Kc8 72. Qe8+ Kc7 73. Qe7+ Kb8 74. Qd8+ Ka7 75. Qa5+ Kb8 76. Qd8+ Ka7 0-1

[Event "*** Titled Tuesday Blitz"]
[Site "Chess.com"]
[Date "2021.03.30"]
[Round "9"]
[White "Gabix_94"]
[Black "Arvids_Andrejevs"]
[Result "1-0"]
[WhiteElo "2759"]
[BlackElo "2442"]
[TimeControl "180+1"]
[EndTime "11:48:45 PDT"]
[Termination "Gabix_94 won by resignation"]

1. Nf3 d5 2. e3 e6 3. c4 Nf6 4. b3 Be7 5. Bb2 O-O 6. Nc3 c5 7. cxd5 Nxd5 8. Nxd5 exd5 9. Qb1 Bf6 10. Bd3 Bxb2 11. Qxb2 Nc6 12. Rc1 b6 13. Bb5 Bd7 14.
O-O a6 15. Bxc6 Bxc6 16. d4 Qd6 17. Qa3 Bb5 18. Rfe1 Rac8 19. h3 Rfd8 20. Rc3 Qf8 21.
Rec1 c4 22. Qxf8+ Kxf8 23. Nd2 Rc7 24. f3 Rdc8 25. Kf2 Ke7 26. e4 Kd6 27. bxc4 Bxc4 28. a3 b5 29. Ke3 f6 30. g4 g5 31. h4 h6 32. hxg5 hxg5 33. Rh1 a5 34. Rh6 Ke7 35. Rh7+ Kd6 36. Rh6 Ke7 37. Rc1 b4 38. axb4 axb4 39. Rch1 b3 40. Rh7+ Ke6 41. e5 Rxh7 42.
Rxh7 fxe5 43. Rh6+ Kf7 44. dxe5 b2 45. Rb6 Ra8 46. Rxb2 Ra3+ 47. Kf2 Ke6 48. Kg3 Kxe5 49. Rb8 Kd4 50. Rg8 Rd3 51. Nf1 Rd1 52. Nh2 Ke3 53.
Rxg5 Rg1+ 54. Kh3 d4 55. Re5+ Kf4 56. Re4+ Kg5 57. Rxd4 Be6 58. f4+ Kg6 59. Rd6 Kf7 60.
f5 Bc8 61. Nf3 Rf1 62. Ng5+ Kg7 63. Rg6+ Kh8 64. Nf7+ Kh7 65. Ng5+ Kh8 66. Rc6 Bd7 67.
Rc7 Bxf5 68. Nf7+ Kg7 69. Nd6+ Kf6 70. Nxf5 Kg5 71. Rg7+ Kf4 72. Ng3 Ra1 73. Rf7+ Kg5 74. Rf5+ Kg6 75. Rb5 Ra2 76. Nh5 Ra3+ 77. Kh4 Ra2 78. Rb6+ Kh7 79. Nf6+ Kg6 80. Ne4+ Kh7 81. Kh5 Rh2+ 82. Kg5 Re2 83. Rb7+ Kg8 84. Nf6+ Kf8 85. Kg6 1-0

[Event "*** Titled Tuesday Blitz"]
[Site "Chess.com"]
[Date "2021.03.30"]
[Round "9"]
[White "SaraciNderim"]
[Black "chess94cu"]
[Result "1-0"]
[WhiteElo "2821"]
[BlackElo "2608"]
[TimeControl "180+1"]
[EndTime "11:48:47 PDT"]
[Termination "SaraciNderim won on time"]

1. d4 Nf6 2. c4 e6 3. Nf3 d5 4. Nc3 c5 5. cxd5 Nxd5 6. e4 Nxc3 7. bxc3 cxd4 8. cxd4 Bb4+ 9. Bd2 Bxd2+ 10. Qxd2 O-O 11. Bd3 Nd7 12. e5 h6 13. O-O Nb6 14. a4 Nd5 15.
Rfb1 b6 16. a5 Bb7 17. Rc1 Rc8 18. Bf1 Rxc1 19. Rxc1 bxa5 20. Ra1 Nb4 21. Ne1 Qb6 22. Qc3 Rc8 23. Qa3 Qxd4 24. Qxa5 Nc2 25. Nxc2 Rxc2 26. Qxa7 Qxa7 27. Rxa7 Bd5 28. f3 g5 29. Ra4 Kg7 30.
h4 Rc5 31. hxg5 hxg5 32. Rg4 Kh6 33. f4 gxf4 34. Rxf4 Kg7 35. Rg4+ Kf8 36. Rg3 Rc1 37. Kf2 Ke7 38. Ra3 Rc2+ 39. Kg3 Rc5 40. Re3 Kf8 41. Be2 Ra5 42. Kf2 Ra2 43. Kg3 Kg7 44. Kh3 Rd2 45.
g3 Kh6 46. Kh4 Rd4+ 47. g4 Rd2 48. g5+ Kg7 49. Bg4 Rd4 50. Kg3 Re4 51. Rxe4 Bxe4 52. Kf4 Bb1 53. Bh5 Bc2 54. Ke3 Bg6 55. Be2 Bf5 56. Kf4 Bb1 57. Bh5 Bc2 58. Ke3 Bg6 59. Be2 Bb1 60. Bb5 Bf5 61. Be8 Bb1 62. Kd4 Kg6 63. Kc5 Bf5 64. Kd6 Kxg5 65. Bxf7 Kh6 66. Bxe6 Bg6 67. Ke7 Kg5 68. Bd7 Kf4 69. Kf6 Bh5 70. Bf5 Be8 71. e6 Ba4 72. e7 Bb5 73.
Ke6 Ba4 74. Bd3 1-0

[Event "*** Titled Tuesday Blitz"]
[Site "Chess.com"]
[Date "2021.03.30"]
[Round "9"]
[White "ApoIogiA"]
[Black "tandaleo"]
[Result "0-1"]
[WhiteElo "2194"]
[BlackElo "2354"]
[TimeControl "180+1"]
[EndTime "11:48:48 PDT"]
[Termination "tandaleo won by resignation"]

1. d4 Nf6 2. c4 g6 3. f3 Bg7 4. e4 d6 5. Nc3 O-O 6. Nge2 c5 7. d5 e6 8. Ng3 exd5 9. cxd5 a6 10. a4 h5 11. Be2 h4 12. Nf1 Nbd7 13. Be3 Ne5 14. Nd2 Re8 15. O-O Bd7 16. h3 c4 17.
Nxc4 Nxc4 18. Bxc4 Rc8 19. Qb3 Nh5 20. a5 f5 21. Bd3 f4 22. Bf2 Qg5 23. Kh1 Ng3+ 24. Kh2 Nxf1+ 25. Bxf1 Rc7 26. Qb6 Rec8 27. Ra3 Be5 28. Rb3 Qd8 29. Qb4 g5 30. Be1 Qf6 31. Na4 Rc1 32. Nb6 R8c7 33. Nxd7 Rxd7 34. Qd2 Rdc7 35.
Bd3 Qd8 36. Rb6 Qc8 37. Kg1 Bd4+ 38. Kf1 Bxb6 39. axb6 R7c2 40. Bxc2 Qxc2 41. Qxc2 Rxc2 42. Bc3 Kf7 43. Kg1 Ke7 44. Kf1 Kd7 45. Kg1 Ke7 46. Kf1 Rc1+ 47. Kf2 Ra1 48. Ke2 Ra4 49. Kf2 Rc4 50. Ke2 Rc5 51. Bd4 Rb5 52. Kf2 a5 53.
Ke2 a4 54. Kd3 Rb3+ 55. Kc4 g4 56. hxg4 h3 57. gxh3 Rxf3 58. h4 Rg3 59. g5 f3 60.
g6 Rxg6 61. Kd3 Rg4 62. Ke3 Rxh4 63. Kxf3 Rh3+ 64. Ke2 Rb3 65. Kd2 Kf7 66. Bc3 Rxb6 67.
Kd3 Rb3 68. Kc4 b5+ 69. Kd4 b4 70. Be1 Rxb2 71. Bg3 Ke7 72. Bh4+ Kd7 73. Bg3 a3 74.
Be1 a2 75. Bg3 a1=Q 76. Kc4 Rc2+ 77. Kxb4 Qb2+ 0-1

[Event "*** Titled Tuesday Blitz"]
[Site "Chess.com"]
[Date "2021.03.30"]
[Round "9"]
[White "Jospem"]
[Black "Evgeny81"]
[Result "0-1"]
[WhiteElo "2941"]
[BlackElo "2786"]
[TimeControl "180+1"]
[EndTime "11:48:49 PDT"]
[Termination "Evgeny81 won on time"]

1. e4 e5 2. Nf3 Nc6 3. Bb5 a6 4. Ba4 Nf6 5. d3 b5 6. Bb3 Be7 7. O-O d6 8. c3 O-O 9. a4 b4 10. Re1 Rb8 11. Nbd2 Na5 12. Bc2 c5 13. d4 Qc7 14. d5 bxc3 15. bxc3 c4 16. Ba3 Nd7 17. Qe2 Re8 18. Reb1 Bb7 19. Bb4 Rec8 20. Rb2 Ba8 21. Rab1 g6 22. Nxe5 Rxb4 23. Rxb4 dxe5 24. R4b2 Ba3 25.
Ra2 Bc5 26. Rab2 Kg7 27. h4 h5 28. Nf3 Ba3 29. Ra2 Bd6 30. Rab2 Rb8 31. Rxb8 Nxb8 32.
Ng5 Nd7 33. Qe3 Nc5 34. Bd1 Bb7 35. Bxh5 gxh5 36. Qg3 Kf8 37. Nh7+ Ke7 38. Qg5+ Kd7 39. Qxh5 Kc8 40. Qg4+ Qd7 41. Qg8+ Qd8 42. Qg4+ Kb8 43.
h5 Ka7 44. h6 Bc8 45. Qg7 Nxe4 46. Qxf7+ Nb7 47. Re1 Nxf2 48. Qxf2+ Bc5 49. Re3 Bf5 50. Qxf5 Bxe3+ 51. Kf1 Qxd5 52. g4 Qd1+ 53. Kg2 Qe2+ 54. Kh3 Bxh6 55. g5 Qh5+ 56. Kg3 Bg7 57. Nf6 Bxf6 58.
Qxf6 Qd1 59. g6 Qg1+ 60. Kh3 Qh1+ 61. Kg3 Qg1+ 62. Kh3 Nc5 63. Qxe5 Qh1+ 64. Kg4 Qg2+ 65. Kh5 Qf3+ 66. Kh6 Qh3+ 67. Kg7 Qd7+ 68. Kh6 Qh3+ 69.
Kg7 Qd7+ 70. Kh8 Ne6 71. Qe3+ Kb7 72. Qe5 Kb6 73. g7 Nxg7 74. a5+ Kb7 75. Qe4+ Qc6 76. Qe7+ Qc7 77. Qb4+ Ka7 78. Kg8 Ne6 0-1

[Event "*** Titled Tuesday Blitz"]
[Site "Chess.com"]
[Date "2021.03.30"]
[Round "9"]
[White "eduardoperalta"]
[Black "ChronicUnhappiness"]
[Result "1/2-1/2"]
[WhiteElo "2479"]
[BlackElo "2353"]
[TimeControl "180+1"]
[EndTime "11:48:51 PDT"]
[Termination "Game drawn - insufficient material"]

1. d4 Nf6 2. c4 e6 3. Nc3 Bb4 4. Nf3 O-O 5. e3 d5 6. Bd3 c5 7. O-O Nc6 8. a3 Bxc3 9. bxc3 dxc4 10. Bxc4 Qc7 11. h3 b6 12. Qe2 e5 13. Bb2 h6 14.
Rac1 Re8 15. Bb5 Bd7 16. Bxc6 Bxc6 17. Nxe5 Bb7 18. c4 Rad8 19. f3 Nh5 20. Qf2 f6 21.
Ng4 Ng3 22. Rfe1 h5 23. Nh2 cxd4 24. Bxd4 Nf5 25. c5 bxc5 26. Bxc5 Qa5 27. e4 Rd2 28. Qf1 Ba6 29. Bb4 Qb6+ 30. Bc5 Bxf1 31. Bxb6 Rxg2+ 32. Kxf1 Rxh2 33. exf5 Rxe1+ 34. Rxe1 axb6 35. Rb1 Rxh3 36. Kg2 Rh4 37. Rxb6 Ra4 38. Rb3 Ra5 39. Kg3 Rxf5 40. a4 Ra5 41. Ra3 Kh7 42. Kf4 g5+ 43. Kg3 Kg6 44.
f4 Kf5 45. fxg5 fxg5 46. Ra1 h4+ 47. Kh3 Kg6 48. Kg4 Kf6 49. Ra2 Kg6 50. Ra1 Kh6 51.
Ra2 Rd5 52. a5 Rd4+ 53. Kh3 Kh5 54. a6 g4+ 55. Kg2 Rd8 56. a7 Ra8 57. Ra4 Kg5 58.
Ra5+ Kf4 59. Ra4+ Kf5 60. Ra1 Ke6 61. Ra4 Kd6 62. Rxg4 Kc6 63. Rxh4 Kb7 64. Rh7+ Ka6 65. Kf3 Rxa7 66. Rh1 Rb7 67. Ke4 Kb6 68. Kd5 Kc7 69.
Rh7+ Kb8 70. Rh6 Rb5+ 71. Kc6 Rb1 72. Rh8+ Ka7 73. Rh7+ Ka6 74. Rh2 Rc1+ 75. Kd5 Kb5 76. Rb2+ Ka4 77. Rb8 Ka3 78. Kd4 Rc7 79. Kd3 Ka4 80. Kd4 Ka5 81. Ra8+ Kb6 82. Ra1 Kb7 83. Rb1+ Kc8 84. Kd5 Rb7 85. Rh1 Rc7 86. Kd6 Rd7+ 87. Kc6 Rc7+ 88. Kb6 Rb7+ 89. Ka6 Re7 90. Kb6 Kd7 91. Kc5 Ke6 92. Re1+ Kd7 93. Rxe7+ Kxe7 1/2-1/2

[Event "*** Titled Tuesday Blitz"]
[Site "Chess.com"]
[Date "2021.03.30"]
[Round "9"]
[White "Kale36"]
[Black "Nikolakis2014"]
[Result "0-1"]
[WhiteElo "2415"]
[BlackElo "2618"]
[TimeControl "180+1"]
[EndTime "11:49:34 PDT"]
[Termination "Nikolakis2014 won on time"]

1. b3 Nf6 2. Bb2 g6 3. Bxf6 exf6 4. c4 d5 5. cxd5 Qxd5 6. Nc3 Qd8 7. g3 Bg7 8. Bg2 f5 9. e3 c6 10. Nge2 O-O 11. O-O Nd7 12. Rb1 a5 13. a3 Qe7 14.
b4 axb4 15. axb4 Ne5 16. d4 Ng4 17. b5 Bd7 18. bxc6 bxc6 19. Rb7 Qd6 20. Qb3 Rab8 21. Rb1 Be6 22. Qb4 Qxb4 23. R1xb4 Rbc8 24. Na4 Rfe8 25. Nc5 Bf8 26. R4b6 Bxc5 27. dxc5 Ne5 28. Nd4 Ra8 29.
Nxc6 Ra1+ 30. Rb1 Rxb1+ 31. Rxb1 Nd3 32. Rb8 Rxb8 33. Nxb8 Nxc5 34. Nc6 Kf8 35. Nd4 Ke7 36. h4 Bc4 37. Bf1 Bxf1 38. Kxf1 Ne4 39. Ke2 h5 40. Nf3 Kd6 41. Nd2 Kd5 42. Nf3 f6 43. Nd4 Nd6 44. Nc2 Kc4 45. Nd4 Kd5 46. Nc2 Ke5 47. Nd4 Ne4 48.
Nc6+ Ke6 49. Nd4+ Kd6 50. Nb5+ Ke7 51. Nd4 Nd6 52. Nf3 Nb5 53. Nd4 Nc3+ 54. Ke1 Kd6 55. Kd2 Ne4+ 56. Ke2 Ke5 57. Nf3+ Ke6 58. Nd4+ Kf7 59.
Nf3 Nd6 60. Nd4 g5 61. f3 Kg6 62. Kd3 Nf7 63. e4 Ne5+ 64. Ke3 Nc4+ 65. Kd3 Ne5+ 66. Ke3 fxe4 67. Kxe4 Nf7 68. hxg5 fxg5 69. f4 Nd6+ 70. Ke3 g4 71. Ne2 Nf5+ 72. Kf2 Kf6 73. Nc3 Ke6 74.
Ne4 Kf7 75. Ng5+ Kf6 76. Ne4+ Ke6 77. Ng5+ Kd5 78. Nf7 Kd4 79. Ng5 Kd3 80. Ne6 Ke4 81. Ng5+ Kd5 82. Nf7 Nd6 83. Ng5 Kd4 84. Nh7 Ne4+ 85.
Kg2 Kd5 86. Ng5 Nxg5 87. fxg5 Ke5 88. Kf2 Kf5 89. Ke3 Kxg5 90. Kf2 Kf6 91. Ke3 Ke5 92.
Kd3 Kd5 93. Ke3 Ke5 94. Kd3 Kf6 95. Ke4 Kg5 96. Ke3 h4 97. gxh4+ Kxh4 98. Kf2 Kh3 99. Kg1 Kg3 100. Kh1 Kf2 0-1

[Event "*** Titled Tuesday Blitz"]
[Site "Chess.com"]
[Date "2021.03.30"]
[Round "9"]
[White "MPGM"]
[Black "nrvisakh"]
[Result "1-0"]
[WhiteElo "2593"]
[BlackElo "2785"]
[TimeControl "180+1"]
[EndTime "11:49:35 PDT"]
[Termination "MPGM won by resignation"]

1. c4 g6 2. Nc3 Bg7 3. g3 Nf6 4. Bg2 O-O 5. e3 e5 6. Nge2 Re8 7. d3 c6 8. Qb3 Na6 9. O-O Nc5 10. Qc2 a5 11. b3 d6 12. Bb2 Bf5 13. Rad1 Qc8 14.
Ne4 Qe6 15. N2c3 Rad8 16. Ba3 Nfxe4 17. dxe4 Bg4 18. f3 Bh3 19. Bxh3 Qxh3 20. Bxc5 dxc5 21. Na4 Bf8 22. Rxd8 Rxd8 23. Rd1 Qc8 24. Nb2 h5 25. Rxd8 Qxd8 26. Qd3 Qg5 27. Kg2 Qe7 28. Nd1 Bh6 29. a4 Kh7 30. h4 Bg7 31. Nf2 Bf6 32. Nh3 Kg7 33. f4 Qe6 34. Qe2 Qd7 35. Ng5 Qc8 36.
Qd1 Qc7 37. Nf3 Qe7 38. Qd3 Qe6 39. f5 Qe7 40. fxg6 fxg6 41. Ne1 Qe6 42. Nf3 Qg4 43. Ng1 Bxh4 44. Ne2 Bf6 45. Kf2 Qe6 46. Kf3 Qg4+ 47. Kf2 Qe6 48. Qd1 h4 49. Qg1 Qg4 50. Qg2 Bg5 51. Qf3 Qh3 52. Qg2 Bxe3+ 53. Kf3 Qxg2+ 54. Kxg2 hxg3 55. Kxg3 Kf6 56. Kg4 Bd4 57. Ng3 b5 58. Nf1 bxa4 59. bxa4 Kg7 60. Nd2 Bc3 61. Nb3 Bb4 62.
Nc1 Kf6 63. Nd3 Ba3 64. Ne1 Bc1 65. Ng2 Bd2 66. Nh4 Kf7 67. Nf3 Bf4 68. Ne1 Kf6 69.
Nd3 Be3 70. Ne1 Bd2 71. Nf3 Bc3 72. Ng1 Be1 73. Ne2 Bd2 74. Ng3 Bf4 75. Nh1 Be3 76. Ng3 Bf4 77. Ne2 g5 78. Nc3 Bd2 79. Nd1 Be1 80. Ne3 Bd2 81. Nf5 Bb4 82. Kh5 Bd2 83. Nh6 Bb4 84. Ng4+ Ke6 85. Kxg5 Bd2+ 86. Kg6 Bf4 87. Nf2 Be3 88. Nh3 Ke7 89. Kf5 Kd6 90. Ng5 Bd4 91. Nf7+ Kc7 92. Nxe5 Kd6 93. Nd3 Bg7 94. e5+ Ke7 95. Nxc5 Bh6 96. Nb3 1-0

[Event "*** Titled Tuesday Blitz"]
[Site "Chess.com"]
[Date "2021.03.30"]
[Round "9"]
[White "Savva09022009"]
[Black "Abund"]
[Result "1/2-1/2"]
[WhiteElo "2608"]
[BlackElo "2734"]
[TimeControl "180+1"]
[EndTime "11:50:00 PDT"]
[Termination "Game drawn by repetition"]

1. d4 Nf6 2. c4 g6 3. Nc3 d5 4. cxd5 Nxd5 5. e4 Nxc3 6. bxc3 Bg7 7. Bc4 c5 8. Ne2 O-O 9. O-O e6 10. Be3 cxd4 11. cxd4 Nc6 12. Rc1 Na5 13. Bd3 b6 14.
f3 Bb7 15. Qd2 Qd7 16. Rc2 Rfc8 17. Rfc1 Rxc2 18. Rxc2 Rc8 19. Qc1 h5 20. Rxc8+ Qxc8 21. Qxc8+ Bxc8 22. Kf2 Nc6 23. Bb5 Nb4 24. Bc4 Bb7 25.
Ke1 Nc2+ 26. Kd2 Nxe3 27. Kxe3 Kf8 28. Nc3 Ke7 29. e5 Bh6+ 30. Kd3 h4 31. h3 f6 32.
exf6+ Kxf6 33. Ne4+ Ke7 34. Nf2 Bf4 35. Ng4 a6 36. a4 Bc6 37. Bxa6 Bxa4 38. Nf2 Bc6 39. Ne4 Ba8 40. Bb5 Bd5 41. Nc3 Bb7 42. Ne2 Bc7 43. Ke3 Kf6 44. Nf4 g5 45. Nd3 Bd5 46. Nb4 Bf4+ 47. Ke2 Bb7 48. Bc6 Bc8 49. Kd3 Ke7 50.
Be4 Kd6 51. Kc4 Bd7 52. Nd3 Bc8 53. Kb5 Kc7 54. Kb4 Be3 55. Kc3 Ba6 56. Bg6 Kd6 57. Be4 Bb5 58. Ne5 Ke7 59. Nc4 Bxc4 60. Kxc4 Kd6 61.
Bd3 Bf2 62. Be4 Kc7 63. d5 Kd6 64. dxe6 Kxe6 65. Kd3 Ke5 66. Ke2 Bc5 67. Bd3 Kf4 68. Bb5 Kg3 69. Kf1 Kf4 70. Ke2 Bd6 71. Ba6 Ke5 72.
Kd3 Kd5 73. Bb7+ Kc5 74. Bc8 Bf4 75. Bd7 Kb4 76. Kc2 Kc4 77. Be6+ Kd4 78. Kb3 Ke3 79. Kb4 Kf2 80. Kb5 Be3 81. Bg4 Kxg2 82. Kb4 Kg3 83.
Kb5 Kf4 84. Kb4 Ke5 85. Kb5 Kd6 86. Bf5 Bc5 87. Bg4 Kd5 88. Bc8 Kd4 89. Bg4 Ke3 90.
Bh5 Kf4 91. Bg4 Kg3 92. Kc4 Be3 93. Kb5 Kf4 94. Kc4 Ke5 95. Kb5 Kd5 96. Bh5 Kd6 97. Bg4 Bc5 98. Bh5 Ke6 99. Bg4+ Kd5 100. Bc8 Kd4 101. Bg4 Ke3 102. Bh5 Kf2 103. Bg4 Be3 104. Kc4 Kg3 105. Kb5 1/2-1/2

[Event "*** Titled Tuesday Blitz"]
[Site "Chess.com"]
[Date "2021.03.30"]
[Round "9"]
[White "Sam_ChessMood"]
[Black "alexrustemov"]
[Result "1-0"]
[WhiteElo "2873"]
[BlackElo "2728"]
[TimeControl "180+1"]
[EndTime "11:50:20 PDT"]
[Termination "Sam_ChessMood won on time"]

1. Nf3 d5 2. d4 Nf6 3. c4 e6 4.
Nc3 Be7 5. Bf4 O-O 6. e3 c5 7. dxc5 Bxc5 8. a3 Nc6 9. Qc2 Qa5 10. Rd1 Be7 11. Be2 dxc4 12. Bxc4 a6 13. O-O b5 14. Ba2 Bb7 15. Ne4 Rfc8 16. Bb1 g6 17.
Qe2 Nd5 18. Bd6 b4 19. Bxe7 Ncxe7 20. Nd6 Rc7 21. e4 Nf6 22. Qd2 Qb6 23. Qf4 Kg7 24.
e5 Ned5 25. exf6+ Nxf6 26. Qd4 Qxd4 27. Nxd4 bxa3 28. Nxb7 Rxb7 29. bxa3 Rc8 30. Nf3 Rb3 31. Rd3 Rcc3 32. Rxc3 Rxc3 33. a4 Rc4 34. Bd3 Rxa4 35. Rb1 Ra3 36. Bf1 a5 37. Rb7 Ra1 38. g3 Ne4 39.
Kg2 Kf6 40. h4 h6 41. Nd4 a4 42.
Ra7 a3 43. Bd3 Nc5 44. Be2 Ra2 45. Bf3 e5 46. Nb5 e4 47. Bg4 Nd3 48. Rxa3 Rxf2+ 49. Kg1 Rb2 50. Nc3 Ke5 51. Ne2 f5 52. Ra5+ Kf6 53.
Bxf5 gxf5 54. Nd4 Rb4 55. Nxf5 Kg6 56. Ne3 Rb2 57. h5+ Kf7 58. Rf5+ Ke6 59. Ra5 Ne5 60.
g4 Nf3+ 61. Kf1 Kf6 62. Ra6+ Kg5 63. Ra5+ Kf4 64. Nf5 e3 65. Ra4+ Kg5 66. Nxe3 Nh2+ 67. Ke1 Nf3+ 68. Kd1 Rd2+ 69. Kc1 Re2 70. Re4 Nh2 71.
Kd1 Ra2 72. Re6 Nf3 73. Rg6+ Kf4 74. Nd5+ Kg3 75. Rxh6 Kxg4 76. Rh7 Kg5 77. h6 Rd2+ 78. Kc1 Rxd5 79. Rh8 Kg6 80. h7 Ng5 81. Rg8+ Kxh7 82.
Rc8 Kg6 83. Rc4 Kf5 84. Kc2 Ne4 85. Ra4 Rd2+ 86. Kc1 Re2 87. Ra8 Kf4 88. Rd8 Nc5 89. Rd5 Ne4 90. Rd8 Rh2 91. Kd1 Ke3 92. Rd7 Nc5 93.
Rd8 Nb3 94. Re8+ Kd3 95. Rd8+ Nd4 96. Ke1 Re2+ 97. Kf1 Re7 98. Kf2 Ke4 99. Rd6 Rf7+ 100. Ke1 Rg7 101. Kf2 Kd3 102. Rd8 Rf7+ 103. Ke1 Ke3 104. Re8+ Kd3 105. Rd8 Rf6 106. Rd5 Ke4 107. Rd8 Ke3 108. Re8+ Kd3 109. Rd8 Rh6 110. Kf2 Rh3 111. Kg2 Re3 112. Kf2 Re2+ 113. Kf1 1-0

[Event "*** Titled Tuesday Blitz"]
[Site "Chess.com"]
[Date "2021.03.30"]
[Round "10"]
[White "TioCridineno"]
[Black "Maddie"]
[Result "1-0"]
[WhiteElo "2283"]
[BlackElo "2077"]
[TimeControl "180+1"]
[EndTime "11:52:26 PDT"]
[Termination "TioCridineno won by checkmate"]

1. e4 c6 2. c4 d5 3. exd5 cxd5 4. cxd5 Qxd5 5. Nc3 Qd8 6. d4 Nf6 7. Nf3 Bf5 8. Qb3 Qc7 9. Bf4 Qxf4 10. Qxb7 Be4 11. Qc8# 1-0

[Event "*** Titled Tuesday Blitz"]
[Site "Chess.com"]
[Date "2021.03.30"]
[Round "10"]
[White "Cptn2"]
[Black "olksuna"]
[Result "0-1"]
[WhiteElo "2526"]
[BlackElo "2693"]
[TimeControl "180+1"]
[EndTime "11:52:36 PDT"]
[Termination "olksuna won by resignation"]

1. e4 c5 2. a3 g6 3. h4 h6 4.
Nf3 Bg7 5. Nc3 Nc6 6. Bc4 e6 7. d3 Nge7 8. Be3 d5 9. exd5 exd5 10. Nxd5 Nxd5 11. Bxc5 b6 12. Be3 Nxe3 13. fxe3 Bxb2 14. Rb1 Bc3+ 15. Ke2 O-O 16. Rb5 Bg4 17. Qf1 Qe7 18.
Qf2 Nd4+ 0-1

[Event "*** Titled Tuesday Blitz"]
[Site "Chess.com"]
[Date "2021.03.30"]
[Round "10"]
[White "Magila31"]
[Black "GAusal"]
[Result "1-0"]
[WhiteElo "2274"]
[BlackElo "2069"]
[TimeControl "180+1"]
[EndTime "11:53:15 PDT"]
[Termination "Magila31 won by resignation"]

1. d4 d5 2. c4 c6 3. Nf3 dxc4 4. e3 b5 5. a4 Qb6 6. b3 cxb3 7.
axb5 cxb5 8. Qxb3 a6 9. Bxb5+ Qxb5 10. Qxb5+ axb5 11. Rxa8 e6 12. Rxb8 Kd8 13. Ne5 Bd6 14. Nxf7+ Kc7 15. Rxc8+ Kxc8 16. Nxd6+ Kd7 17. Nxb5 1-0

[Event "*** Titled Tuesday Blitz"]
[Site "Chess.com"]
[Date "2021.03.30"]
[Round "10"]
[White "Skat2704"]
[Black "Cambek64"]
[Result "1-0"]
[WhiteElo "2631"]
[BlackElo "2482"]
[TimeControl "180+1"]
[EndTime "11:53:20 PDT"]
[Termination "Skat2704 won by resignation"]

1. d4 d6 2. c4 e5 3. d5 g6 4. Nc3 f5 5. e4 Bh6 6. Bxh6 Nxh6 7. Bd3 Qg5 8. Nf3 Qxg2 9. Rg1 Qh3 10. Rg3 Qh5 11.
Rg5 Qh3 12. Bf1 f4 13. Bxh3 Bxh3 14. Nxe5 dxe5 15. Rxe5+ Kf8 16. Qf3 Bd7 17. Qxf4+ Kg7 18. Re7+ 1-0

[Event "*** Titled Tuesday Blitz"]
[Site "Chess.com"]
[Date "2021.03.30"]
[Round "10"]
[White "KarateBaby"]
[Black "anon481216"]
[Result "0-1"]
[WhiteElo "2336"]
[BlackElo "2528"]
[TimeControl "180+1"]
[EndTime "11:53:37 PDT"]
[Termination "anon481216 won by resignation"]

1. Nf3 c5 2. c4 Nc6 3. Nc3 e5 4. e3 Nf6 5. d4 cxd4 6. exd4 e4 7. d5 exf3 8. dxc6 fxg2 9. Bxg2 dxc6 10. Qxd8+ Kxd8 11. Bg5 Kc7 12. O-O-O Bd6 13. Rhe1 Bg4 14. Rd4 Bf5 15.
Bxf6 gxf6 16. Ne4 Be5 17. Rd3 Rhg8 18. Bf3 Rad8 19. Rxd8 Rxd8 20. Ng3 Bf4+ 0-1

[Event "*** Titled Tuesday Blitz"]
[Site "Chess.com"]
[Date "2021.03.30"]
[Round "10"]
[White "NoGuru"]
[Black "Omk124"]
[Result "1-0"]
[WhiteElo "2342"]
[BlackElo "2462"]
[TimeControl "180+1"]
[EndTime "11:53:51 PDT"]
[Termination "NoGuru won by resignation"]

1. Nf3 Nf6 2. c4 g6 3. Nc3 d5 4. cxd5 Nxd5 5. e4 Nxc3 6. dxc3 Qxd1+ 7. Kxd1 Bg7 8. Kc2 O-O 9. Be3 Nc6 10. Bc4 Bg4 11.
Rhd1 Rad8 12. h3 Ne5 13. Rxd8 Rxd8 14. Nxe5 Be6 15. Bxe6 fxe6 16. Nd3 b6 17. Rd1 Rf8 18.
f3 e5 19. Nb4 Kf7 20. Rd7 Rc8 21. Nd5 c6 22. Rxe7+ Kf8 23. Rc7 Rxc7 24. Nxc7 Ke7 25. Na6 Kd7 26. Nb4 Kd6 27. Nd3 a5 28. c4 c5 29. Kc3 h5 30. Bg5 Ke6 31. Nf2 Bh8 32. Kb3 Bg7 33. Ka4 Kd6 34. Kb5 Kc7 35. Nd1 Kb7 36. Nc3 Bf8 37. Nd5 Bd6 38. Nxb6 Bc7 39. Nd7 Bd6 40. Nxc5+ 1-0

[Event "*** Titled Tuesday Blitz"]
[Site "Chess.com"]
[Date "2021.03.30"]
[Round "10"]
[White "Sergey85Rodchenkov"]
[Black "Caterpiller35"]
[Result "1-0"]
[WhiteElo "2523"]
[BlackElo "2395"]
[TimeControl "180+1"]
[EndTime "11:54:22 PDT"]
[Termination "Sergey85Rodchenkov won by resignation"]

1. Nf3 Nf6 2. c4 e6 3. b3 b6 4. Bb2 Bb7 5. e3 d5 6. d4 Bd6 7.
Bd3 Nbd7 8. O-O O-O 9. Nc3 Ne4 10. Nb5 Be7 11. Ne5 a6 12. Nc3 f5 13. f4 Nxe5 14.
fxe5 c5 15. cxd5 exd5 16. Ne2 Bg5 17. Nf4 Qe7 18. Bxe4 fxe4 19. Qg4 Bxf4 20. exf4 Rac8 21. f5 c4 22. f6 Qf7 23. e6 Qg6 24. f7+ Kh8 25.
Qxg6 hxg6 26. e7 1-0